Map: Honorgrounds LE

Players

Railgan

  • Race: Zerg Zerg
  • League: Grandmaster
  • Spawn Location: 11:00

Kas - Winner!

  • Race: Terran Terran
  • League: Grandmaster
  • Spawn Location: 5:00

VOD

Have the link to the VOD?

Description

Time

  • Played on: March 13, 2017, 8:01 p.m.
  • Length: 9:34
Show
View Real Time Build Order
Export as new Build Order

Railgan Zerg 

Build Orders: Pool First 

Get SALT Encoding   

  12  0:01  Drone  
  13  0:13  Overlord  
  13  0:18  Drone  
  14  0:31  Drone x2  
  16  0:37  Drone  
  17  0:48  Drone, Spawning Pool  
  17  0:57  Drone  
  18  1:13  Hatchery  
  18  1:14  Extractor  
  18  1:17  Drone  
  17  1:20  Drone  
  18  1:33  Drone  
  18  1:34  Queen  
  21  1:42  Zergling x2  
  22  1:49  Overlord  
  22  2:07  Drone  
  23  2:10  Queen  
  23  2:12  Drone  
  26  2:16  Metabolic Boost  
  26  2:27  Queen  
  26  2:28  Drone  
  29  2:33  Drone  
  29  2:34  Drone  
  31  2:38  Overlord  
  32  2:44  Zergling x2  
  32  2:45  Drone x2  
  32  2:47  Drone  
  35  2:57  Drone  
  35  2:58  Extractor  
  35  3:01  Spore Crawler  
  35  3:02  Drone  
  35  3:05  Drone  
  34  3:12  Drone x2  
  38  3:20  Drone x3  
  38  3:23  Lair  
  41  3:27  Evolution Chamber  
  41  3:29  Zergling x2  
  41  3:33  Drone x2  
  43  3:37  Drone  
  43  3:38  Overlord  
  43  3:41  Extractor, Overlord  
  43  3:42  Extractor  
  43  3:43  Drone  
  43  3:53  Drone  
  44  3:56  Zerg Ground Armor Level 1  
  44  4:01  Drone  
  44  4:02  Drone x4  
  49  4:06  Drone  
  49  4:10  Extractor  
  49  4:15  Drone x2  
  50  4:24  Drone x2  
  52  4:25  Hydralisk Den  
  52  4:30  Zergling x6  
  54  4:32  Drone x2  
  54  4:37  Overlord  
  56  4:39  Zergling x2  
  56  4:40  Zergling x2  
  56  4:44  Hatchery, Zergling x4  
  59  4:54  Muscular Augments  
  59  4:55  Hydralisk  
  59  4:56  Hydralisk  
  59  4:59  Hydralisk  
  65  5:02  Hydralisk  
  67  5:08  Overlord  
  67  5:18  Hydralisk  
  67  5:23  Overlord  
  67  5:25  Overlord  
  67  5:26  Hydralisk x4  
  74  5:40  Drone  
  75  5:45  Evolution Chamber  
  75  5:48  Drone x3  
  75  5:49  Drone x2  
  77  5:52  Overseer  
  77  5:57  Zerg Ground Armor Level 2  
  77  6:16  Hydralisk x7  
  91  6:22  Pneumatized Carapace  
  91  6:23  Hatchery  
  90  6:30  Zerg Missile Weapons Level 1  
  90  6:33  Zergling x2  
  91  6:44  Lurker Den  
  91  6:49  Spore Crawler  
  91  6:50  Overlord  
  90  7:00  Zergling x2  
  90  7:01  Overlord  
  91  7:03  Overlord  
  91  7:05  Overlord  
  91  7:06  Overlord  
  91  7:12  Hydralisk  
  91  7:13  Hydralisk x3  
  95  7:17  Hydralisk  
  95  7:19  Hydralisk x2  
  98  7:45  Zergling x8  
  102  7:55  Zergling x2  
  102  7:56  Extractor x2  
  101  7:59  Hatchery  
  101  8:02  Zergling x4  
  102  8:07  Hydralisk x2  
  106  8:18  Zergling x2  
  107  8:23  Hydralisk  
  107  8:25  Hydralisk  
  107  8:26  Zergling x2  
  107  8:27  Zergling x2  
  113  8:31  Overlord  
  113  8:39  Hydralisk  
  113  8:41  Zergling x4  
  115  8:55  Zergling x8  
  109  8:56  Zergling x2  
  109  9:00  Lurker  
  109  9:01  Lurker x2  
  116  9:10  Hydralisk  
Show
View Real Time Build Order
Export as new Build Order

Kas Terran - Winner!

Build Orders: Reaper Expand, MMM Bio 

Get SALT Encoding   

  12  0:00  SCV  
  13  0:12  SCV  
  14  0:17  Supply Depot  
  14  0:24  SCV  
  15  0:39  SCV  
  15  0:41  Barracks  
  16  0:45  Refinery  
  16  0:51  SCV  
  17  1:03  SCV  
  18  1:15  SCV  
  19  1:28  Orbital Command  
  19  1:29  Reaper  
  20  1:43  Command Center  
  20  1:51  Barracks  
  20  1:55  SCV  
  21  2:02  Barracks Reactor  
  21  2:07  SCV  
  21  2:08  Supply Depot  
  22  2:18  Refinery  
  22  2:19  SCV  
  23  2:31  Factory, SCV  
  24  2:39  Marine x2  
  24  2:40  Barracks Tech Lab  
  24  2:43  SCV  
  27  2:55  SCV  
  27  2:57  Orbital Command  
  28  3:03  Marine  
  28  3:04  Marine x2  
  31  3:09  Stimpack  
  31  3:11  SCV  
  32  3:18  Starport  
  32  3:23  Factory Reactor, SCV  
  32  3:25  Marine  
  34  3:27  Marine  
  34  3:31  SCV  
  36  3:35  Marine  
  36  3:37  SCV  
  37  3:43  SCV  
  37  3:44  Marine  
  37  3:46  Supply Depot  
  39  3:49  SCV  
  39  3:50  Marine  
  39  3:54  Marine, Supply Depot  
  39  3:55  SCV  
  43  4:01  SCV  
  44  4:03  Medivac  
  44  4:08  Marine, Medivac  
  49  4:10  Marine  
  49  4:13  SCV  
  49  4:14  Marine, SCV  
  49  4:16  Widow Mine  
  55  4:21  Supply Depot  
  55  4:25  SCV  
  55  4:26  SCV  
  55  4:28  Marine, Supply Depot  
  55  4:29  Marine  
  59  4:33  Marine  
  59  4:37  SCV  
  61  4:42  SCV  
  62  4:47  Marine x2  
  62  4:51  SCV  
  65  4:52  Command Center  
  65  4:54  Marine  
  66  5:00  Widow Mine, Supply Depot  
  66  5:01  SCV  
  66  5:04  Marine  
  66  5:06  Engineering Bay  
  70  5:07  Engineering Bay  
  70  5:10  Combat Shields  
  70  5:13  Marine, SCV  
  72  5:18  SCV  
  73  5:27  Marine x2  
  75  5:29  SCV  
  75  5:31  Marine, SCV  
  73  5:38  Terran Infantry Armor Level 1, Terran Infantry Weapons Level 1  
  73  5:43  Barracks, SCV x2  
  73  5:44  Barracks  
  72  5:53  Barracks  
  72  5:54  Marine x2, Refinery  
  72  5:55  Refinery, SCV  
  75  5:57  Medivac  
  75  5:58  Medivac  
  75  6:00  Factory Tech Lab  
  75  6:01  Marine  
  80  6:04  SCV  
  80  6:08  Orbital Command  
  81  6:12  Marine x2  
  81  6:18  Marine  
  81  6:19  SCV x2  
  81  6:23  Siege Tank  
  87  6:29  Marine  
  87  6:30  Marine, Orbital Command  
  87  6:31  SCV  
  90  6:34  Barracks Reactor  
  90  6:35  Barracks Reactor  
  90  6:36  Marine  
  90  6:38  SCV  
  92  6:43  Barracks Reactor, SCV  
  92  6:44  Armory  
  92  6:46  Supply Depot  
  93  6:47  Marine x2  
  93  6:48  Supply Depot  
  93  6:51  Supply Depot  
  95  6:54  Marine  
  95  6:55  SCV x3  
  99  7:05  Marine x2  
  99  7:08  Siege Tank, Supply Depot x2, SCV x2  
  106  7:09  SCV  
  106  7:12  Marine x3  
  110  7:20  Marine x4  
  114  7:23  Marine x2  
  105  7:30  Marine x3  
  105  7:31  Medivac  
  105  7:32  Medivac  
  112  7:37  Marine  
  112  7:38  Marine x2  
  112  7:43  Marine x2, Siege Tank  
  120  7:45  SCV  
  120  7:46  Marine, SCV x2  
  120  7:47  Refinery x2  
  120  7:48  Marine x3  
  127  7:55  Marine x2  
  129  7:59  Barracks, SCV x2  
  129  8:00  Barracks  
  129  8:01  SCV  
  129  8:03  Barracks  
  129  8:04  Supply Depot  
  132  8:06  Marine x3  
  132  8:07  Marine  
  132  8:10  Marine, Supply Depot  
  132  8:11  Marine  
  138  8:22  Marine x2  
  138  8:23  Marine  
  141  8:33  Marine x5  
  141  8:34  Marine  
  146  8:37  Siege Tank  
  149  8:44  Marine x3  
  149  8:46  Medivac  
  154  8:49  Barracks Reactor x2, Barracks Tech Lab  
  146  8:58  Marine x6  
  146  9:02  Marine x3  
  155  9:10  Supply Depot  
  155  9:11  Supply Depot x2  
  155  9:12  Supply Depot  
  155  9:16  Marine x5  
Tags
 
Add a new tag
Caveats
  • Supply blocks, unpowered buildings, or Contaminate may cause inaccurate times.
  • Supply counts are checked every 10 seconds.